 Dungeon Crawl Stone Soup version 0.30-a0-1160-g6e42c06551 (webtiles) character file.

Game seed: 4106531217548884731

515 qeuew the Trooper (level 7, -7/58 HPs)
             Began as a Demonspawn Chaos Knight on Apr 25, 2023.
             Was a Plaything of Xom.
             Succumbed to an ogre's poison
             ... on level 3 of the Dungeon.
             The game lasted 00:03:39 (2339 turns).

qeuew the Trooper (Demonspawn Chaos Knight)         Turns: 2339, Time: 00:03:40

Health: -7/58      AC:  7    Str: 14    XL:     7   Next: 0%
Magic:  7/7        EV: 13    Int: 13    God:    Xom [.....*]
Gold:   248        SH:  5    Dex: 13    Spells: 6/6 levels left

rFire   x . .        a - +1 mace (chaos)
rCold   . . .        (no shield)
rNeg    . . .        b - +2 leather armour
rPois   .            (helmet restricted)
rElec   .            (no cloak)
rCorr   .            (no gloves)
SInv    .            (no boots)
Will    .....        g - amulet of reflection
Stlth   ++           (no ring)
HPRegen 0.29/turn    (no ring)
MPRegen 0.10/turn

%: random rage (3%), reflection
@: lethally poisoned (-7 -> -61)
A: horns 2, thin metallic scales 1, powered by death 2, powered by pain 1,
camouflage 1, berserk 1, heat vulnerability 1
a: Renounce Religion


You were on level 3 of the Dungeon.
You worshipped Xom.
You were Xom's teddy bear.
You visited 1 branch of the dungeon, and saw 3 of its levels.

You collected 248 gold pieces.

Inventory:

Hand Weapons
 a - a +1 mace of chaos (weapon)
Armour
 b - a +2 leather armour (worn)
Jewellery
 g - an amulet of reflection (around neck)
Wands
 d - a wand of roots (4)
Scrolls
 e - 2 scrolls of identify
 h - a scroll of immolation {unknown}
 i - 3 scrolls of enchant weapon
 j - a scroll of silence
 l - a scroll of teleportation
Potions
 f - 2 potions of lignification {unknown}
 k - a potion of flight {unknown}
Miscellaneous
 c - a piece from Xom's chessboard (11/15) (quivered)


   Skills:
 + Level 6.1 Fighting
 + Level 5.5 Maces & Flails
 + Level 5.1 Armour
 + Level 4.8 Dodging
 + Level 4.8 Evocations


You had 6 spell levels left.
You didn't know any spells.
Your spell library contained the following spells:

 Spells                   Type           Power      Damage    Failure   Level
 Kiss of Death            Conj/Necr      0%         2d5       36%         1
 Confusing Touch          Hex            0%         N/A       75%         3
 Dispel Undead            Necr           0%         3d6       98%         4


Dungeon Overview and Level Annotations

Branches:
Dungeon (3/15)

Altars:
Sif Muna

Shops:
D:2 *

Annotations:
D:1 1 transporter
D:3 1 transporter


Innate Abilities, Weirdness & Mutations

You have a pair of horns on your head.
You are partially covered in thin metallic scales. (AC +2)
You regenerate health from kills.
You sometimes gain a little power by taking damage.
Your skin changes colour to match your surroundings (Stealth+).
You sometimes lose your temper in combat.
You are vulnerable to heat. (rF-)


Message History

You block the ogre's attack.
Unknown command.
You hit the ogre. You burn the ogre.
The ogre is moderately wounded.
Unknown command.
Non-targeted evoke: piece from Xom's chessboard (14/15)
Press: ? - help, Q - select action, (/) - cycle Dir - look around, f - activate You make a move on Xom's chessboard...
The ogre seems to speed up.
You block the ogre's attack.
Unknown command.
Non-targeted evoke: piece from Xom's chessboard (13/15)
Press: ? - help, Q - select action, (/) - cycle Dir - look around, f - activate You make a move on Xom's chessboard...
The ogre is unaffected.
You block the ogre's attack.
Unknown command.
You hit the ogre. You burn the ogre.
The ogre is moderately wounded.
The ogre completely misses you.
You barely miss the ogre. You headbutt the ogre!
The ogre is severely wounded.
The ogre barely misses you.
You catch the helpless ogre completely off-guard!
You hit the ogre.
You headbutt the ogre, but do no damage.
The ogre is severely wounded.
You block the ogre's attack.
You barely miss the ogre. You headbutt the ogre.
The ogre is severely wounded.
Non-targeted evoke: piece from Xom's chessboard (12/15)
Press: ? - help, Q - select action, (/) - cycle Dir - look around, f - activate You make a move on Xom's chessboard...
The ogre seems to grow stronger.
The ogre hits you with the +11 giant spiked club of the Countless Villages {venom, *Rage +Blink rPois Str+4}!!!
Ouch! That really hurt!
* * * LOW HITPOINT WARNING * * *
A shower of butterflies erupts from you!
You are lethally poisoned!
You hit the ogre. You headbutt the ogre.
The ogre is almost dead.
You die...
Xom cackles wildly!

#<....................#...
####..####.##########.#.##
#.............####.#.#
#.....©.©.......##.#.#
###############.##.#.#
##©...$[.....##.##.#.#
#.#.)#.#..#.##.##.#.#
#..##b..##..##)##.#.##
#..##@Ob##..##.##.....
#.#..#b#..#.##.##.#..#
#.....©.....#.........
#############.........
#.#..##.##.. #....##.##..
###..##.##.. ###..##.#...
#....>....(.


You could see an ogre (berserk, fast, strong, confused, ally target).

Vanquished Creatures
  Sigmund (D:3)
  An ogre (D:3)
  The ghost of Keeumabr the Stinger, an amateur GnWn of the Shining One (D:3)
  Jessica (D:3)
  Terence (D:3)
  2 adders (D:3)
  A worm (D:2)
  2 dart slugs (D:1)
  5 orcs (D:3)
  4 endoplasms
  3 giant cockroaches
  4 goblins
  7 hobgoblins
  3 quokkas
  3 ball pythons (D:3)
  4 bats
  4 frilled lizards
  3 kobolds
  8 rats
58 creatures vanquished.

Vanquished Creatures (others)
  3 fungi (D:3)
  5 toadstools (D:3)
8 creatures vanquished.

Grand Total: 66 creatures vanquished

Notes
Turn   | Place    | Note
-------+----------+-------------------------------------------
     0 | D:1      | qeuew the Demonspawn Chaos Knight began the quest for the
                  | Orb.
     0 | D:1      | Reached XP level 1. HP: 18/18 MP: 1/1
   113 | D:1      | Reached skill level 1 in Dodging
   256 | D:1      | Gained mutation: You have a pair of small horns on your
                  | head. [demonic ancestry]
   256 | D:1      | Reached XP level 2. HP: 24/24 MP: 2/2
   350 | D:1      | XOM: divination: detect creatures
   535 | D:1      | XOM: give mutations
   535 | D:1      | Gained mutation: Your mind is acute. (Int +4, Str/Dex -1)
                  | [Xom's grace]
   535 | D:1      | Gained mutation: You have a pair of horns on your head.
                  | [Xom's grace]
   564 | D:1      | You fall into a shaft and drop 1 floor!
   688 | D:2      | Gained mutation: You are partially covered in thin metallic
                  | scales. (AC +2) [demonic ancestry]
   688 | D:2      | Reached XP level 3. HP: 29/29 MP: 3/3
   770 | D:2      | XOM: scenery: summon butterflies
   803 | D:2      | Found Zulenifu's Assorted Antiques.
   951 | D:1      | Reached skill level 5 in Fighting
   951 | D:1      | Reached skill level 5 in Maces & Flails
   951 | D:1      | Gained mutation: You sometimes gain a little power by
                  | taking damage. [demonic ancestry]
   951 | D:1      | Reached XP level 4. HP: 40/40 MP: 4/4
  1606 | D:2      | Lost mutation: You have a pair of horns on your head.
                  | [potion of mutation]
  1606 | D:2      | Lost mutation: Your mind is acute. (Int +4, Str/Dex -1)
                  | [potion of mutation]
  1606 | D:2      | Gained mutation: You sometimes lose your temper in combat.
                  | [potion of mutation]
  1606 | D:2      | Gained mutation: Your skin changes colour to match your
                  | surroundings (Stealth+). [potion of mutation]
  1606 | D:2      | Gained mutation: You are vulnerable to heat. (rF-) [potion
                  | of mutation]
  1621 | D:3      | Found a transporter.
  1623 | D:3      | Noticed Keeumabr's ghost (amateur GnWn)
  1623 | D:3      | Identified the +11 giant spiked club of the Countless
                  | Villages {venom, *Rage +Blink rPois Str+4}
  1623 | D:3      | Noticed an ogre
  1628 | D:3      | Noticed an ogre
  1648 | D:3      | Found a transporter.
  1648 | D:3      | Found a faded altar of an unknown god.
  1658 | D:3      | Noticed Terence
  1725 | D:3      | Noticed Jessica
  1733 | D:3      | Killed Jessica
  1829 | D:3      | Noticed Sigmund
  1864 | D:3      | Killed Sigmund
  1865 | D:3      | Reached skill level 6 in Fighting
  1865 | D:3      | Reached skill level 5 in Armour
  1865 | D:3      | Gained mutation: You regenerate a little health from kills.
                  | [demonic ancestry]
  1865 | D:3      | Reached XP level 5. HP: 46/46 MP: 5/5
  1865 | D:3      | Gained mutation: You regenerate health from kills. [demonic
                  | ancestry]
  1865 | D:3      | Reached XP level 6. HP: 52/52 MP: 6/6
  1938 | D:3      | XOM: polymorph endoplasm -> ball python
  2006 | D:3      | Killed Terence
  2016 | D:3      | Found a shimmering blue altar of Sif Muna.
  2016 | D:3      | XOM: 6-stop teleportation journey
  2320 | D:3      | XOM: confuse monster(s)
  2328 | D:3      | Killed Keeumabr's ghost
  2329 | D:3      | Gained mutation: You have a pair of horns on your head.
                  | [demonic ancestry]
  2329 | D:3      | Reached XP level 7. HP: 42/58 MP: 7/7
  2338 | D:3      | XOM: butterfly on damage
  2339 | D:3      | Succumbed to an ogre's poison

Illustrated notes

Levels and vault maps discovered:
D:1:      spicycebolla_arrival_risky_transporter, layout_loops_ring
D:2:      layout_loops_corners, serial_shops, shop, grunt_ministairs_12
D:3:      layout_basic, mainiacjoe_overflow_tiny_flanked,
          basic_ecumenical_altar, gammafunk_ghost_smash,
          minmay_gold_behind_fungi, uniq_sigmund, uniq_jessica, uniq_terence

Skill      XL: |  1  2  3  4 |
---------------+-------------+-----
Dodging        | 1 4 |  4.8
Armour         | 2 4 5 |  5.1
Maces & Flails | 3 5 |  5.5
Fighting       | 5 6 |  6.1
Evocations     | 4 |  4.8

Action                     |  1- 3 |  4- 6 |  7- 9 || total
---------------------------+-------+-------+-------++-------
  Melee: Mace              |    62 |    94 |     7 ||   163
         Headbutt          |     4 |    19 |     4 ||    27
  Evoke: Piece from Xom's  |       |       |     4 ||     4
    Use: Potion            |     3 |     3 |       ||     6
         Scroll            |     3 |     2 |       ||     5
   Stab: Sleeping          |       |     2 |       ||     2
         Confused          |       |       |     1 ||     1
 Armour: Leather armour    |    14 |    33 |       ||    47
  Dodge: Dodged            |    31 |    71 |     2 ||   104
  Block: Other             |     5 |    26 |     4 ||    35

Table legend: (Time is in decaauts)
 A = Elapsed time spent in this place.
 B = Non-inter-level travel time spent in this place.
 C = Inter-level travel time spent in this place.
 D = Time resting spent in this place.
 E = Time spent auto-exploring this place.
 F = Levels seen in this place.
 G = Mean time per level.
                   A        B        C        D        E       F      G
               +--------+--------+--------+--------+--------+-----+--------+
         Total |   2383 |   2313 |     70 |      0 |   1839 |   3 |  794.3 |
       Dungeon |   2383 |   2313 |     70 |      0 |   1839 |   3 |  794.3 |
               +--------+--------+--------+--------+--------+-----+--------+

Top non-repeatable levels by time:
     D:2: 881 daAuts
     D:1: 756 daAuts
     D:3: 746 daAuts
